Map: World of Sleepers LE

Players

MegaGabe - Winner!

  • Race: Zerg Zerg
  • Spawn Location: 1:00

pHARM

  • Race: Zerg Zerg
  • League: Platinum
  • Spawn Location: 7:00

VOD

Have the link to the VOD?

Description

Time

  • Played on: Sept. 9, 2019, 5:25 p.m.
  • Length: 12:28
Show
View Real Time Build Order
Export as new Build Order

MegaGabe Zerg - Winner!

Build Orders: Hatch First 

Get SALT Encoding   

  12  0:01  Drone  
  13  0:13  Overlord  
  13  0:17  Drone  
  14  0:31  Drone x2  
  14  0:35  Drone  
  17  0:53  Hatchery  
  17  0:56  Drone  
  17  1:00  Drone  
  18  1:11  Extractor  
  17  1:15  Spawning Pool  
  16  1:22  Drone x2  
  18  1:31  Drone  
  19  1:54  Overlord  
  19  2:02  Queen  
  19  2:04  Zergling x2  
  19  2:06  Zergling x2  
  19  2:08  Queen  
  25  2:11  Drone  
  25  2:13  Drone  
  27  2:16  Metabolic Boost  
  27  2:19  Drone  
  28  2:24  Drone  
  29  2:30  Drone  
  29  2:33  Overlord  
  30  2:38  Drone  
  30  2:43  Queen  
  33  2:46  Drone  
  33  2:50  Drone  
  35  2:56  Drone  
  36  3:02  Drone  
  37  3:09  Drone  
  37  3:10  Drone  
  37  3:11  Overlord  
  39  3:13  Drone x2  
  41  3:23  Baneling Nest  
  40  3:32  Evolution Chamber  
  38  3:36  Drone x2  
  38  3:37  Drone x3  
  43  3:43  Drone  
  43  3:45  Queen  
  46  3:49  Drone  
  46  3:50  Drone x2  
  46  3:51  Drone x3  
  46  3:54  Overlord  
  52  3:55  Extractor  
  52  3:56  Extractor  
  50  4:04  Evolution Chamber  
  50  4:08  Drone  
  50  4:09  Overlord x2  
  50  4:11  Lair  
  50  4:30  Zerg Missile Weapons Level 1  
  50  4:35  Drone  
  50  4:37  Roach Warren  
  50  4:52  Queen  
  50  4:54  Drone  
  50  4:59  Overlord x2  
  53  5:08  Hatchery  
  52  5:15  Zerg Ground Armor Level 1  
  52  5:19  Roach x3  
  52  5:20  Roach x7  
  72  5:37  Roach x7  
  72  5:40  Glial Reconstitution  
  85  6:00  Drone x4  
  89  6:11  Overlord x3  
  89  6:32  Drone x7, Queen  
  98  6:40  Extractor  
  98  6:45  Zerg Missile Weapons Level 2  
  97  6:51  Roach x9  
  115  7:10  Drone x4  
  115  7:11  Drone x3  
  115  7:14  Extractor x2  
  118  7:30  Roach  
  118  7:31  Roach  
  118  7:34  Overlord x4  
  122  7:49  Zerg Ground Armor Level 2  
  122  7:57  Drone  
  122  7:58  Drone x6  
  128  8:03  Overlord x2  
  128  8:04  Overlord  
  129  8:06  Roach x6  
  129  8:08  Hatchery  
  140  8:16  Overseer  
  140  8:19  Pneumatized Carapace  
  140  8:25  Roach x6  
  140  8:26  Roach x4  
  160  8:29  Ravager x8  
  168  9:01  Overlord  
  168  9:02  Overlord x3  
  168  9:07  Hydralisk Den  
  168  9:08  Roach x5  
  177  9:27  Queen  
  177  9:28  Infestation Pit, Drone x10  
  177  9:29  Drone x4  
  192  9:35  Ravager  
  193  10:33  Hive  
  193  10:34  Grooved Spines  
  193  10:39  Drone x2  
  193  10:41  Unknown  
  194  10:49  Hatchery  
  193  10:58  Zergling x2  
  194  11:13  Roach x3  
  200  11:50  Overseer x2  
Show
View Real Time Build Order
Export as new Build Order

pHARM Zerg 

Build Orders: Hatch First, Lurkers 

Get SALT Encoding   

  12  0:01  Drone  
  13  0:12  Overlord  
  13  0:19  Drone  
  14  0:31  Drone x2  
  16  0:50  Hatchery  
  16  0:56  Drone x2  
  17  1:00  Drone  
  18  1:18  Spawning Pool  
  18  1:20  Drone x2  
  19  1:30  Drone  
  20  1:51  Drone, Extractor  
  20  2:01  Overlord  
  20  2:03  Drone x2  
  20  2:05  Queen x2  
  26  2:16  Drone x2  
  28  2:27  Overlord  
  28  2:28  Drone  
  29  2:46  Queen  
  29  2:48  Queen  
  33  2:52  Metabolic Boost  
  33  2:56  Drone x6  
  39  3:05  Evolution Chamber  
  39  3:10  Evolution Chamber, Drone x2  
  39  3:20  Overlord  
  39  3:40  Baneling Nest  
  38  3:43  Drone x5  
  38  3:44  Drone  
  44  4:00  Drone x5  
  44  4:02  Extractor  
  48  4:03  Zerg Missile Weapons Level 1, Extractor  
  47  4:17  Pneumatized Carapace  
  47  4:26  Drone x2  
  47  4:28  Zergling x6  
  52  4:43  Zerg Ground Armor Level 1  
  52  5:10  Roach Warren  
  52  5:11  Drone  
  52  5:12  Overlord x4  
  52  5:38  Baneling x4  
  52  6:08  Hatchery  
  51  6:17  Roach x9  
  51  6:18  Roach x5  
  79  6:22  Lair  
  79  6:33  Lair  
  79  6:38  Zerg Melee Weapons Level 1  
  79  7:01  Overlord x2  
  79  7:02  Overlord x4  
  79  7:10  Extractor  
  78  7:16  Overlord x2  
  68  7:39  Roach x11  
  90  7:53  Hydralisk Den  
  90  7:58  Drone x4  
  91  8:00  Infestation Pit  
  92  8:20  Overseer x4  
  92  8:22  Zerg Missile Weapons Level 2  
  92  8:26  Glial Reconstitution  
  92  8:32  Zerg Ground Armor Level 2  
  92  8:37  Drone x11  
  103  8:47  Muscular Augments  
  103  9:01  Lurker Den  
  102  9:12  Hydralisk x3  
  108  9:20  Extractor  
  108  9:21  Extractor  
  106  9:28  Drone x12  
  118  9:59  Grooved Spines  
  117  10:06  Roach x6  
  130  10:07  Overlord x3, Roach  
  120  10:27  Hydralisk x4  
  108  10:36  Lurker x3  
  111  10:46  Hive  
  111  11:01  Lurker x4  
  111  11:02  Overlord x9  
  115  11:23  Hatchery  
  107  11:35  Roach x8  
  107  11:36  Roach x2  
  126  11:46  Roach  
  134  11:47  Roach x3  
Tags
 
Composition
Lurkers
League
Platinum
Matchup
ZvZ
Race
Zerg
Replay Pack
10.7.19
Spawn Locations
Cross Positions
Add a new tag
Caveats
  • Supply blocks, unpowered buildings, or Contaminate may cause inaccurate times.
  • Supply counts are checked every 10 seconds.